Map: Catalesque CE

Players

Artist

  • Race: Protoss Protoss
  • Spawn Location: 5:00

fOCUS

  • Race: Protoss Protoss
  • Spawn Location: 5:00

Nyck - Winner!

  • Race: Terran Terran
  • Spawn Location: 11:00

Ekelpack - Winner!

  • Race: Zerg Zerg
  • Spawn Location: 11:00

VOD

Have the link to the VOD?

Description

Time

  • Played on: Sept. 11, 2024, 2:16 p.m.
  • Length: 12:18
Show
View Real Time Build Order
Export as new Build Order

Artist Protoss 

Build Orders:  

Get SALT Encoding   

  12  0:05  Probe  
  13  0:15  Pylon  
  13  0:24  Assimilator  
  13  0:40  Assimilator  
  13  0:43  Probe (Chrono Boost)  
  14  0:53  Probe (Chrono Boost)  
  15  1:16  Gateway  
  15  1:21  Pylon  
  15  1:25  Probe (Chrono Boost)  
  16  1:35  Probe (Chrono Boost)  
  17  1:40  Probe (Chrono Boost)  
  18  1:51  Probe  
  19  1:58  Gateway  
  19  2:10  Cybernetics Core  
  19  2:16  Pylon  
  19  2:20  Pylon  
  19  2:28  Pylon  
  19  2:30  Probe (Chrono Boost)  
  19  2:49  Warp Gate  
  19  2:57  Pylon  
  19  3:12  Probe (Chrono Boost)  
  20  3:21  Robotics Facility  
  20  3:22  Probe (Chrono Boost)  
  21  3:27  Probe (Chrono Boost)  
  21  3:31  Twilight Council  
  22  3:43  Gateway  
  22  4:11  Observer  
  23  4:22  Charge (Chrono Boost)  
  23  4:23  Dark Shrine  
  23  4:29  Warp Prism  
  25  4:51  Pylon  
  25  5:00  Gateway  
  25  5:30  Zealot x3  
  25  5:31  Observer  
  24  6:05  Dark Templar x4  
  32  6:38  Zealot x3  
  32  6:39  Zealot  
  24  7:02  Nexus  
  24  7:05  Assimilator  
  24  7:10  Pylon  
  24  7:12  Pylon  
  24  7:16  Pylon  
  24  7:25  Gateway x2  
  24  7:29  Probe (Chrono Boost)  
  25  7:40  Observer, Probe (Chrono Boost)  
  27  7:44  Probe (Chrono Boost)  
  28  7:56  Probe  
  27  8:12  Stalker x2  
  29  8:13  Stalker x2  
  34  8:40  Sentry  
  34  8:41  Sentry x3  
  25  8:49  Observer  
  22  9:22  Stargate  
  22  9:29  Dark Templar x3  
  27  10:00  Pylon  
  27  10:03  Pylon  
  27  10:27  Fleet Beacon  
  27  10:31  Forge  
  26  10:36  Archon  
  26  10:39  Pylon  
Show
View Real Time Build Order
Export as new Build Order

fOCUS Protoss 

Build Orders:  

Get SALT Encoding   

  12  0:01  Probe (Chrono Boost)  
  13  0:10  Probe (Chrono Boost)  
  14  0:15  Probe (Chrono Boost)  
  15  0:23  Pylon  
  15  0:32  Assimilator  
  15  0:41  Probe  
  16  0:46  Gateway  
  16  0:53  Probe  
  17  1:05  Probe  
  17  1:06  Gateway  
  18  1:13  Assimilator  
  18  1:17  Probe  
  19  1:26  Pylon  
  19  1:30  Probe  
  20  1:36  Cybernetics Core  
  20  1:46  Zealot  
  22  1:47  Probe  
  23  1:59  Probe  
  24  2:03  Pylon  
  24  2:04  Zealot  
  26  2:11  Probe  
  27  2:17  Gateway  
  27  2:25  Warp Gate (Chrono Boost)  
  27  2:26  Pylon  
  27  2:29  Stalker (Chrono Boost)  
  31  2:48  Stalker (Chrono Boost)  
  31  2:55  Gateway  
  31  3:05  Stalker  
  33  3:09  Gateway  
  33  3:22  Stalker  
  35  3:28  Stalker  
  37  3:37  Pylon  
  37  4:11  Stalker x4  
  45  4:17  Zealot  
  47  4:40  Stalker x2  
  51  4:50  Stalker x2  
  47  5:32  Stalker x2  
  47  5:33  Stalker  
  47  5:34  Stalker  
  55  5:44  Pylon  
  41  6:09  Stalker x4  
  35  6:28  Stalker  
  37  6:47  Stalker x3  
  39  7:12  Stalker x3  
  33  7:25  Stalker  
  31  7:47  Nexus  
  31  7:51  Probe  
  32  8:00  Stalker  
  34  8:18  Stalker x2  
  36  8:40  Stalker x2  
  38  8:43  Stalker  
  40  8:54  Stalker  
  42  8:59  Probe (Chrono Boost)  
  42  9:02  Probe (Chrono Boost)  
  43  9:13  Probe (Chrono Boost)  
  43  9:16  Stalker  
  46  9:22  Probe  
  46  9:23  Probe  
  48  9:37  Stalker  
  48  9:38  Stalker  
  40  9:57  Stalker  
  40  9:58  Stalker x2  
  42  10:01  Stalker  
  38  10:14  Robotics Facility  
  38  10:16  Pylon  
  38  10:21  Stalker  
  40  10:25  Zealot  
  42  10:49  Stalker x3  
  48  10:50  Stalker  
  50  11:02  Stalker  
  51  11:16  Stalker  
  51  11:17  Stalker x2  
  57  11:21  Observer  
  57  11:23  Stalker  
Show
View Real Time Build Order
Export as new Build Order

Nyck Terran - Winner!

Build Orders:  

Get SALT Encoding   

  12  0:00  SCV  
  13  0:12  SCV  
  14  0:20  Supply Depot  
  14  0:24  SCV  
  15  0:42  SCV  
  16  0:44  Barracks  
  16  0:50  Refinery  
  16  0:54  SCV  
  16  0:55  Refinery  
  17  1:06  SCV  
  18  1:20  SCV  
  19  1:31  Supply Depot  
  20  1:32  Reaper  
  20  1:38  Orbital Command  
  20  1:43  Supply Depot  
  20  1:49  Barracks  
  20  2:03  SCV  
  21  2:16  SCV  
  21  2:19  Barracks Tech Lab  
  22  2:24  Factory  
  22  2:28  SCV, Engineering Bay  
  23  2:41  SCV  
  24  2:53  SCV  
  25  3:05  SCV  
  26  3:17  SCV  
  26  3:19  Barracks Tech Lab  
  27  3:21  Command Center  
  27  3:23  Terran Infantry Weapons Level 1, Starport  
  27  3:35  SCV  
  28  3:51  SCV  
  28  3:54  Marauder  
  28  3:55  Marauder  
  33  4:00  Hellion  
  35  4:12  Bunker  
  35  4:16  Marauder x2  
  39  4:27  SCV, Medivac  
  42  4:35  Orbital Command  
  42  4:37  Marauder  
  44  4:39  SCV  
  45  4:49  Marauder  
  45  4:51  SCV  
  45  4:52  Bunker  
  35  5:30  Bunker  
  35  5:31  SCV  
  36  5:37  Marauder x2  
  33  5:58  Marauder x2  
  37  6:10  SCV x2  
  39  6:53  SCV x2  
  33  7:10  Marauder x2  
  33  7:14  Concussive Shells  
  36  7:26  SCV x2  
  36  7:28  Barracks  
  38  7:31  Barracks  
  38  7:34  Marauder x2  
  38  7:36  Medivac  
  44  7:38  SCV x2  
  46  7:50  SCV x2  
  48  7:55  Terran Infantry Armor Level 1, Marauder x2  
  52  8:02  SCV  
  52  8:03  SCV  
  54  8:06  Medivac  
  56  8:14  SCV  
  56  8:15  SCV  
  56  8:17  Barracks Reactor, Marauder x2, Barracks  
  56  8:19  Barracks Tech Lab  
  62  8:21  Combat Shield  
  62  8:27  SCV x2  
  62  8:29  Refinery  
  62  8:31  Refinery  
  63  8:39  SCV x2  
  65  8:44  Marauder  
  65  8:45  Marauder  
  69  8:51  SCV  
  70  9:18  Supply Depot  
  70  9:22  Supply Depot  
  70  9:37  SCV  
  70  9:39  SCV, Marine x3  
  70  9:40  Marauder x2  
  70  9:41  Supply Depot  
  74  9:45  Supply Depot  
  74  9:49  SCV  
  74  9:51  SCV  
  70  9:57  Marine  
  71  10:01  Marine, Marauder  
  71  10:02  SCV  
  71  10:04  Supply Depot, SCV, Marine x2  
  78  10:07  Supply Depot  
  78  10:11  Armory  
  78  10:12  Medivac  
  78  10:14  SCV  
  81  10:15  Marauder  
  81  10:16  SCV  
  81  10:19  Marauder  
  86  10:22  Marine x2  
  86  10:26  SCV  
  86  10:28  SCV  
  90  10:30  Supply Depot x2  
  90  10:38  SCV  
  90  10:40  SCV  
  92  10:50  SCV  
  92  10:52  SCV, Starport Reactor  
  92  10:53  Supply Depot  
  92  10:57  Marine x2  
  94  10:58  Marauder x3  
  94  10:59  Barracks Reactor  
  94  11:01  Command Center  
  102  11:14  Command Center  
  102  11:15  Marine x2  
  104  11:19  Marauder  
  104  11:20  Marauder x2  
  110  11:43  SCV x2  
  110  11:44  Marauder  
  110  11:45  Marine x4, Marauder x2  
Show
View Real Time Build Order
Export as new Build Order

Ekelpack Zerg - Winner!

Build Orders: Hatch First 

Get SALT Encoding   

  12  0:00  Drone  
  13  0:13  Overlord  
  13  0:18  Drone  
  14  0:32  Drone  
  15  0:48  Hatchery  
  14  0:50  Drone  
  15  1:03  Spawning Pool  
  14  1:07  Drone  
  15  1:12  Drone  
  15  1:14  Drone  
  17  1:20  Drone  
  18  1:29  Drone  
  19  1:32  Extractor  
  18  1:40  Drone  
  19  1:51  Queen  
  19  1:53  Drone  
  22  2:01  Drone  
  22  2:02  Queen  
  22  2:04  Overlord  
  25  2:12  Drone  
  26  2:16  Drone  
  26  2:22  Drone  
  28  2:25  Drone  
  29  2:37  Lair  
  29  2:38  Drone  
  30  2:46  Drone x2  
  30  2:48  Drone, Extractor  
  32  2:59  Drone  
  32  3:01  Drone x3  
  32  3:03  Overlord  
  36  3:13  Overlord  
  36  3:14  Extractor  
  36  3:18  Drone  
  36  3:22  Drone x3  
  36  3:24  Drone  
  40  3:30  Extractor  
  40  3:31  Drone  
  40  3:35  Spire  
  40  3:41  Drone x2  
  41  3:45  Overlord  
  41  3:46  Overlord  
  41  3:49  Drone x4  
  45  3:58  Metabolic Boost  
  45  4:07  Zergling x12  
  51  4:15  Queen  
  53  4:20  Drone  
  54  4:41  Overlord x2  
  54  4:46  Mutalisk x2  
  54  4:47  Mutalisk x4  
  54  4:49  Zerg Flyer Weapons Level 1  
  61  5:23  Zergling x12, Mutalisk x2  
  61  5:24  Zergling x2, Mutalisk x2  
  75  5:32  Zergling x4  
  66  6:07  Zergling x12  
  71  6:16  Overseer  
  66  6:20  Queen  
  52  6:47  Zergling x2, Mutalisk x5  
  60  7:08  Queen  
  60  7:13  Zergling x2  
  60  7:14  Zergling x6  
  65  7:32  Mutalisk x4  
  73  7:50  Overlord x4  
  73  7:52  Zergling x2  
  73  7:56  Extractor  
  69  8:25  Extractor  
  68  8:32  Zergling x4  
  68  8:33  Zergling x12  
  68  8:34  Zergling x2  
  77  8:45  Zergling x2  
  77  8:46  Zergling x4  
  80  8:54  Zerg Flyer Weapons Level 2  
  80  8:59  Drone  
  80  9:02  Drone x4  
  85  9:15  Hatchery  
  84  9:56  Zergling x2  
  84  9:57  Zergling x14  
  84  9:58  Zergling x2  
  93  10:01  Evolution Chamber  
  93  10:04  Evolution Chamber  
  91  10:11  Drone  
  92  10:19  Drone x6  
  92  10:20  Drone x2  
  100  11:05  Zergling x6  
  100  11:06  Zergling x10  
  108  11:27  Mutalisk x5  
  108  11:28  Mutalisk  
  120  11:56  Extractor  
  120  12:01  Extractor  
Tags
 
Add a new tag
Caveats
  • Supply blocks, unpowered buildings, or Contaminate may cause inaccurate times.
  • Supply counts are checked every 10 seconds.